 Dungeon Crawl Stone Soup version 0.29.1-15-g9cfb28693d (webtiles) character file.

Game seed: 10871285656093583931

471 croobank the Covert (level 7, -5/49 HPs)
             Began as an Octopode Delver on Mar 10, 2023.
             Was an Initiate of Gozag.
             Slain by Duvessa
             ... wielding a +0 falchion
              (14 damage)
             ... on level 6 of the Dungeon.
             The game lasted 00:16:02 (6972 turns).

croobank the Covert (Octopode Delver)               Turns: 6972, Time: 00:16:02

Health: -5/49      AC:  1    Str: 11    XL:     7   Next: 9%
Magic:  7/7        EV: 14    Int: 14    God:    Gozag
Gold:   287        SH:  0    Dex: 14    Spells: 6/6 levels left

rFire   . . .      SeeInvis .   a - +0 hand axe (freeze)
rCold   . . .      Faith    .   (no shield)
rNeg    . . .      Spirit   .   (helmet restricted)
rPois   .          Reflect  .   (no amulet)
rElec   .          Harm     .   (no ring)
rCorr   .          Rampage  .   (no ring)
Will    .....                   (no ring)
Stlth   +++++.....              (no ring)
HPRegen 0.16/turn               (no ring)
MPRegen 0.10/turn               (no ring)
                                (no ring)
                                (no ring)

@: gold aura
A: almost no armour, amphibious, 8 rings, camouflage 1, gelatinous body 1,
(nimble swimmer 1), tentacles
a: Renounce Religion, Potion Petition, Call Merchant, Bribe Branch


You were on level 6 of the Dungeon.
You worshipped Gozag.
Gozag was aware of your devotion.
You visited 2 branches of the dungeon, and saw 7 of its levels.

You collected 387 gold pieces.
You paid 100 gold pieces to Gozag.

Inventory:

Hand Weapons
 a - a +0 hand axe of freezing (weapon)
 d - a +0 dagger
 g - a +0 short sword
 h - a +0 spear
 u - a +0 war axe
Missiles
 m - 5 boomerangs (quivered)
 n - 5 poisoned darts
Armour
 l - a +0 buckler
Wands
 f - a wand of digging (2)
 t - a wand of flame (12)
Scrolls
 b - a scroll of fog
 j - a scroll of vulnerability
 o - a scroll of magic mapping
 q - a scroll of butterflies
Potions
 i - a potion of mutation
 r - a potion of brilliance
 w - 3 potions of attraction


   Skills:
 + Level 4.6 Fighting
 + Level 4.0 Axes
 + Level 4.0 Dodging
 + Level 8.4 Stealth


You had 6 spell levels left.
You didn't know any spells.
Your spell library contained the following spells:

 Spells                   Type           Power      Damage    Failure   Level
 Apportation              Tloc           0%         N/A       28%         1
 Necrotise                Necr           0%         1d4       28%         1
 Slow                     Hex            0%         N/A       28%         1
 Summon Small Mammal      Summ           0%         N/A       28%         1
 Ensorcelled Hibernation  Hex/Ice        0%         N/A       41%         2
 Confusing Touch          Hex            0%         N/A       65%         3
 Conjure Flame            Conj/Fire      0%         6-21      65%         3
 Ignite Poison            Fire/Tmut/Pois 0%         N/A       65%         3
 Mephitic Cloud           Conj/Pois/Air  0%         N/A       65%         3
 Spider Form              Tmut/Pois      0%         N/A       65%         3
 Vampiric Draining        Necr           0%         2d6       65%         3
 Anguish                  Hex/Necr       0%         N/A       96%         4
 Sticky Flame             Conj/Fire      0%         2d3       96%         4
 Alistair's Intoxication  Tmut/Pois      0%         N/A       100%        5
 Freezing Cloud           Conj/Ice/Air   0%         6-21      100%        5


Dungeon Overview and Level Annotations

Branches:
Dungeon (6/15)             Temple (1/1) D:4

Altars:
Ashenzari
Cheibriados
Dithmenos
Elyvilon
Fedhas
Gozag
Hepliaklqana
Kikubaaqudgha
Makhleb
Nemelex Xobeh
Okawaru
Qazlal
Ru
Sif Muna
Trog
Uskayaw
Vehumet
Wu Jian
Xom
Yredelemnul
Zin

Shops:
D:2 [[*   D:5 *

Annotations:
D:6 Duvessa


Innate Abilities, Weirdness & Mutations

You cannot wear most types of armour.
You are amphibious.
You can wear up to eight rings at the same time.
Your skin changes colour to match your surroundings (Stealth+).
Your rubbery body absorbs attacks. (AC +1, EV +1)
((You are camouflaged when in or above water. (Stealth+)))
You have tentacles for arms and can constrict up to eight enemies at once.


Message History

You tentacle-slap Duvessa, but do no damage.
Duvessa is moderately wounded.
You constrict Duvessa, but do no damage.
Duvessa completely misses you.
The orc hits your butterfly with a +0 hand axe!
Your butterfly dies!
Your butterfly disappears in a burst of colours!
The orc barely misses your butterfly. x2; Duvessa hits you with a +0 falchion!!
You release your grip on Duvessa.
Duvessa attacks as you move away! Duvessa completely misses you.
Duvessa hits you with a +0 falchion!
* * * LOW HITPOINT WARNING * * *
You see here a +0 hand axe of freezing.
You swap places.
You swap places.
Duvessa hits your butterfly with a +0 falchion.
Your butterfly dies!
Your butterfly disappears in a burst of colours!
As you read the scroll of butterflies, it crumbles to dust.
You hear the tinkle of a tiny bell.
The orc closely misses your butterfly. The orc barely misses your butterfly.
The orc misses something.
Duvessa barely misses you.
Throw: 5 boomerangs
Press: ? - help, Q - select action, (/) - cycle Shift-Dir - straight line, f - Duvessa
Aim: Duvessa, wielding a +0 falchion and wearing a +0 scale mail (moderately wounded, berserk, ally target, 68% to hit)
Okay, then.
You swap places.
Duvessa closely misses you. The orc barely misses your butterfly.
The orc closely misses your butterfly. Duvessa completely misses you.
You swap places.
Duvessa hits your butterfly with a +0 falchion!
Your butterfly dies!
Your butterfly disappears in a burst of colours!
You don't know any spells.
Unknown command.
Memorise Slow, consuming 1 spell level and leaving 5?
The orc closely misses your butterfly.
The orc barely misses your butterfly. x2
The orc misses your butterfly. x2; Duvessa hits you with a +0 falchion!
Your memorisation is interrupted.
You die...
Your body crumbles into a pile of gold.

#.#.#.######..........
#.#.#......'>...b.....
......######bbb.......
###.#......#b♣b~~b.:..
#.######..)bbPb~...
#.# ####obP.♣## #.#
#bbb## ... ###e.# ...
##@# ... #.# #.. ##..
##. #. ## $


You could see Duvessa (berserk, ally target) and an orc.

Vanquished Creatures
  A bullfrog (D:6)
  A scorpion (D:5)
  An orc priest (D:4)
  A hound (D:4)
  An orc wizard (D:5)
  An iguana (D:5)
  Robin (D:3)
  3 adders (D:2)
  7 worms
  4 dart slugs
  24 orcs
  3 bats
  8 endoplasms
  4 giant cockroaches
  11 goblins
  11 hobgoblins
  4 quokkas
  6 ball pythons
  2 frilled lizards (D:3)
  6 kobolds
  6 rats
106 creatures vanquished.

Vanquished Creatures (collateral kills)
  Dowan (D:6)
1 creature vanquished.

Vanquished Creatures (others)
  A plant (D:6)
1 creature vanquished.

Grand Total: 108 creatures vanquished

Notes
Turn   | Place    | Note
-------+----------+-------------------------------------------
     0 | D:5      | croobank the Octopode Delver began the quest for the Orb.
     0 | D:5      | Reached XP level 1. HP: 16/16 MP: 1/1
     3 | D:6      | Noticed a howler monkey
   279 | D:4      | Noticed an orc priest
   283 | D:4      | Killed an orc priest
   284 | D:4      | Reached skill level 7 in Stealth
   284 | D:4      | Reached XP level 2. HP: 18/21 MP: 2/2
   284 | D:4      | Reached XP level 3. HP: 23/26 MP: 3/3
   865 | D:2      | Found Roeweb's Armour Emporium.
   893 | D:3      | Reached XP level 4. HP: 21/31 MP: 4/4
  1005 | D:2      | Found Viloff's Armour Boutique.
  1333 | D:2      | Identified the +4 ring mail "Zola" {rElec rPois SInv}
  2499 | D:2      | Found a shimmering blue altar of Sif Muna.
  2629 | D:2      | Reached XP level 5. HP: 28/37 MP: 5/5
  2723 | D:2      | Found Zittasik's General Store.
  3101 | D:2      | Found a faded altar of an unknown god.
  3607 | D:3      | Noticed Robin
  3939 | D:3      | Killed Robin
  4598 | D:4      | Found a staircase to the Ecumenical Temple.
  4764 | Temple   | Entered the Ecumenical Temple
  5039 | Temple   | Became a worshipper of Gozag Ym Sagoz the Greedy
  5237 | D:4      | Reached XP level 6. HP: 43/43 MP: 6/6
  5736 | D:5      | Found Bodit's Elemental Accessories.
  5866 | D:5      | Reached skill level 8 in Stealth
  6627 | D:6      | Noticed Duvessa
  6627 | D:6      | Noticed Dowan
  6642 | D:6      | Killed Dowan
  6643 | D:6      | Reached XP level 7. HP: 41/49 MP: 7/7
  6972 | D:6      | Slain by Duvessa

Illustrated notes

Levels and vault maps discovered:
D:1:      dpeg_chamrin_arrival_tetris, layout_basic
D:2:      layout_rooms, serial_shops, nicolae_shop_stone, nicolae_square_shop,
          shop, basic_altar, serial_glass, glass_columns_a, glass_columns_a,
          feat_on_display, due_unseen_surprise, item_on_display_b,
          dreamdust_ecumenical_altar_hidden_monk_grotto
D:3:      minmay_inner_zag, layout_basic, serial_park_tiny_2, uniq_robin
D:4:      layout_rooms, minmay_temple_entry_enclosed_plants,
          cheibrodos_sewer_entry_bend
D:5:      layout_cave_pods, nicolae_ossuary_entry_monument, minmay_fountain_box,
          nicolae_elemental_shop, hangedman_abyss_or_decor_lesser_grid
D:6:      layout_basic, corexii_hall_statues_i, serial_bayou_pond_e,
          uniq_blork_the_orc, uniq_duvessa
Temple:   mainiacjoe_temple_trianglar_array

Skill      XL: |  1  2  3  4  5  6 |
---------------+-------------------+-----
Stealth        | 7 8 |  8.4
Dodging        | 3 4 |  4.0
Axes           | 3 4 |  4.0
Fighting       | 4 |  4.6

Action                   |  1- 3 |  4- 6 |  7- 9 || total
-------------------------+-------+-------+-------++-------
Melee: Hand axe          |    33 |    87 |    13 ||   133
       Constrict         |    12 |    49 |     2 ||    63
       Tentacles         |     7 |    53 |     1 ||    61
       Punch             |     1 |     1 |     2 ||     4
       Dagger            |       |   121 |       ||   121
Throw: Boomerang         |       |     3 |       ||     3
Evoke: Wand              |       |     1 |       ||     1
  Use: Scroll            |     2 |    11 |     2 ||    15
       Potion            |       |       |     5 ||     5
 Stab: Sleeping          |     3 |    18 |       ||    21
       Distracted        |       |     3 |       ||     3
Armor: Skin              |     3 |    15 |     1 ||    19
Dodge: Dodged            |    29 |   108 |    11 ||   148
